 Dungeon Crawl Stone Soup version 0.31-a0-1447-g87ca8d402b (webtiles) character file.

Game seed: 4233775142589442915

81 jestert79 the Changeling (level 4, 0/41 HPs)
             Began as an Oni Shapeshifter on Dec 27, 2023.
             Succumbed to an adder's poison
             ... on level 3 of the Dungeon.
             The game lasted 00:02:21 (1507 turns).

jestert79 the Changeling (Oni Shapeshifter)         Turns: 1507, Time: 00:02:22

Health: 0/41       AC:  3    Str: 20    XL:     4   Next: 42%
Magic:  4/4        EV:  9    Int: 11    God:
Gold:   98         SH:  0    Dex:  8    Spells: 3/3 levels left

rFire   . .          .
                       - Unarmed
rCold   . . .        (no shield)
rNeg    . . .        a - +0 animal skin
rPois   .            (helmet currently unavailable)
rElec   .            (cloak currently unavailable)
rCorr   +            (gloves unavailable)
SInv    .            (boots unavailable)
Will    .....        (no amulet)
Stlth   +            l - ring of resist corrosion
HPRegen 0.26/turn    (no ring)
MPRegen 0.09/turn

%: no passive effects
@: lethally poisoned (0 -> -7), beast-form
A: beast (slay +2), large, unfitting armour, horns 1, tough skin 1, double
potion healing, drunken brawling
a: Begin Untransformation


You were on level 3 of the Dungeon.
You were a hulking beast.
You visited 1 branch of the dungeon, and saw 3 of its levels.

You collected 98 gold pieces.

Inventory:

Hand Weapons
 g - a +0 sling
Missiles
 j - 3 poisoned darts
 k - 2 throwing nets
Armour
 a - a +0 animal skin (worn)
Jewellery
 l - a ring of resist corrosion (left hand)
 p - an amulet of reflection
Talismans
 c - a beast talisman
 d - a flux talisman
Scrolls
 f - a scroll of immolation {unknown}
 m - 2 scrolls of fog {unknown}
 o - 3 scrolls of teleportation {unknown}
 q - 2 scrolls of identify {unknown}
 s - a scroll of poison {unknown}
Potions
 b - a potion of lignification
 e - a potion of magic {unknown}
 h - a potion of resistance {unknown}
 i - a potion of degeneration {unknown}
 n - a potion of brilliance {unknown}
 r - a potion of curing {unknown}


   Skills:
 - Level 1.3 Fighting
 - Level 1.7 Dodging
 + Level 3.5 Unarmed Combat
 + Level 4.2 Shapeshifting


You had 3 spell levels left.
You didn't know any spells.
Your spell library was empty.

Dungeon Overview and Level Annotations

Branches:
Dungeon (3/15)

Altars:

Portals:
Sewer: D:3


Innate Abilities, Weirdness & Mutations

You are a hulking beast.
Your limbs bulge with bestial killing power. (Slay +2)
You are too large for most types of armour.
You have a pair of small horns on your head.
You have tough skin. (AC +1)
You gain doubled healing and magic from potions.
Whenever you drink a healing potion, you attack all around you.


Message History

You kill the river rat!
You barely miss the giant cockroach.
Your headbutt misses the giant cockroach.
The giant cockroach bites you but does no damage. x2
You barely miss the giant cockroach.
The giant cockroach completely misses you.
You closely miss the giant cockroach. You headbutt the giant cockroach.
The giant cockroach is heavily wounded.
The giant cockroach bites you.
You hit the giant cockroach.
You kill the giant cockroach!
The adder bites you but does no damage.
You closely miss the adder. The adder bites you.
You are poisoned.
The adder poisons you!
You barely miss the adder. Your headbutt misses the adder.
Your punch misses the adder.
You feel sick. The adder bites you but does no damage.
You miss the adder.
You feel sick. The adder bites you.
You closely miss the adder. Your headbutt misses the adder.
You feel sick. The adder bites you.
* * * LOW HITPOINT WARNING * * *
You are more poisoned.
The adder poisons you! The adder bites you.
* * * LOW HITPOINT WARNING * * *
You miss the adder.
You feel sick. The adder bites you.
* * * LOW HITPOINT WARNING * * *
You are lethally poisoned!
The adder poisons you!
You barely miss the adder.
* * * LOW HITPOINT WARNING * * *
You feel sick. The adder bites you but does no damage.
You miss the adder.
* * * LOW HITPOINT WARNING * * *
You feel sick.
The river rat squeaks loudly.
The adder bites you.
* * * LOW HITPOINT WARNING * * *
You hit the adder but do no damage.
You die...

#.####.#####.#
#.# #.# #.#
#.# #.# #.#
#.# #.# #.#
#.# #.# #.#
#.# #.#
#.#####
#.....#
#####h# #S#
#S# #.# #.#
#r# ... r..
~...#


You could see an adder, 2 river rats and a ball python.

Vanquished Creatures
  3 adders (D:2)
  A river rat (D:3)
  4 bats
  8 endoplasms
  3 giant cockroaches
  2 goblins
  5 hobgoblins
  8 kobolds
  2 ball pythons (D:1)
  4 frilled lizards (D:1)
  2 rats
42 creatures vanquished.

Notes
Turn   | Place    | Note
-------+----------+-------------------------------------------
     0 | D:1      | jestert79 the Oni Shapeshifter began the quest for the Orb.
     0 | D:1      | Reached XP level 1. HP: 19/19 MP: 1/1
    89 | D:1      | Reached XP level 2. HP: 21/27 MP: 2/2
   476 | D:1      | Reached XP level 3. HP: 23/33 MP: 3/3
  1003 | D:2      | Reached skill level 4 in Shapeshifting
  1099 | D:2      | Reached XP level 4. HP: 40/41 MP: 4/4
  1478 | D:3      | Found a glowing drain.
  1506 | D:3      | HP: 2/41 [adder (1)]
  1507 | D:3      | Succumbed to an adder's poison

Illustrated notes

Levels and vault maps discovered:
D:1:      dpeg_arrival_rhombus, layout_basic, minmay_hedge_maze
D:2:      layout_rooms
D:3:      layout_loops_ring, portal_sewer_entry_a

Skill      XL: |  1  2  3 |
---------------+----------+-----
Unarmed Combat | 3 |  3.5
Shapeshifting  | 4 |  4.2
Fighting       | |  1.3
Dodging        | |  1.7

Action                     |  1- 3 |  4- 6 || total
---------------------------+-------+-------++-------
  Melee: Unarmed           |    95 |    33 ||   128
         Headbutt          |     4 |     4 ||     8
   Stab: Sleeping          |     2 |       ||     2
 Armour: Animal skin       |    53 |    23 ||    76
  Dodge: Dodged            |    32 |     9 ||    41

Table legend: (Time is in decaauts)
 A = Elapsed time spent in this place.
 B = Non-inter-level travel time spent in this place.
 C = Inter-level travel time spent in this place.
 D = Time resting spent in this place.
 E = Time spent auto-exploring this place.
 F = Levels seen in this place.
 G = Mean time per level.
                   A        B        C        D        E       F      G
               +--------+--------+--------+--------+--------+-----+--------+
         Total |   1499 |   1409 |     90 |    114 |    999 |   3 |  499.7 |
       Dungeon |   1499 |   1409 |     90 |    114 |    999 |   3 |  499.7 |
               +--------+--------+--------+--------+--------+-----+--------+

Top non-repeatable levels by time:
     D:1: 858 daAuts
     D:2: 556 daAuts
     D:3: 83 daAuts
